 Dungeon Crawl Stone Soup version 0.30-a0-1085-g990a428a5c (webtiles) character file.

Game seed: 2515605074459411758

2902 Darkkill the Skirmisher (level 9, -1/81 HPs)
             Began as a Minotaur Hunter on Apr 16, 2023.
             Was an Initiate of Gozag.
             Slain by an unseen horror simulacrum (3 damage)
             ... on level 9 of the Dungeon.
             The game lasted 00:15:19 (6133 turns).

Darkkill the Skirmisher (Minotaur Hunter)           Turns: 6133, Time: 00:15:20

Health: -1/81      AC: 10    Str: 17    XL:     9   Next: 49%
Magic:  8/8        EV: 14    Int:  9    God:    Gozag
Gold:   727        SH:  0    Dex: 17    Spells: 8/8 levels left

rFire   . . .      SeeInvis +    a - +2 shortbow (drain)
rCold   x . .      Faith    .    (shield currently unavailable)
rNeg    + . .      Spirit   .    l - +0 ring mail of the Elven Halls {rC- rN+ rCorr Int+3}
rPois   .          Reflect  .    n - +2 hat of Udiptokk {SInv}
rElec   .          Rampage  .    (no cloak)
rCorr   +                        (no gloves)
Will    .....                    c - +2 pair of boots
Stlth   +                        (no amulet)
HPRegen 0.33/turn                (no ring)
MPRegen 0.11/turn                (no ring)

@: confused, hasted, very quick
A: horns 2, retaliatory headbutt
a: Renounce Religion, Potion Petition, Call Merchant, Bribe Branch


You were on level 9 of the Dungeon.
You worshipped Gozag.
Gozag was pleased with you.
You visited 2 branches of the dungeon, and saw 10 of its levels.

You collected 834 gold pieces.
You paid 107 gold pieces to Gozag.

Inventory:

Hand Weapons
 a - a +2 shortbow of draining (weapon)
 b - the +1 spear of Racaem {venom, rF- rN+ Will+ Str+3}
   (You found it on level 3 of the Dungeon)

   Str:       It affects your strength (+3).
   rF:        It makes you vulnerable to fire.
   rN:        It protects you from negative energy.
   Will:      It increases your willpower.
Missiles
 d - 79 stones
 h - 20 poisoned darts
 m - 5 boomerangs
 p - 6 atropa-tipped darts
 q - 3 javelins
 t - 4 curare-tipped darts {=f !f}
 u - 2 throwing nets {=f !f}
Armour
 c - a +2 pair of boots (worn)
 l - the +0 ring mail of the Elven Halls (worn) {rC- rN+ rCorr Int+3}
   (You found it on level 2 of the Dungeon)

   Int:       It affects your intelligence (+3).
   rC:        It makes you vulnerable to cold.
   rN:        It protects you from negative energy.
   rCorr:     It protects you from acid and corrosion.
 n - the +2 hat of Udiptokk (worn) {SInv}
   (You found it on level 2 of the Dungeon)

   SInv:      It lets you see invisible.
Wands
 e - a wand of digging (3)
 k - a wand of flame (21)
 o - a wand of roots (4)
Scrolls
 i - a scroll of immolation
Potions
 f - 2 potions of flight
 r - 2 potions of berserk rage
 s - a potion of invisibility
 v - a potion of mutation


   Skills:
 + Level 8.2 Fighting
 + Level 8.4 Ranged Weapons
 + Level 7.5 Dodging
 + Level 6.0 Stealth


You had 8 spell levels left.
You didn't know any spells.
Your spell library contained the following spells:

 Spells                   Type           Power      Damage    Failure   Level
 Magic Dart               Conj           0%         1d3       58%         1
 Sandblast                Erth           0%         2d4       58%         1
 Call Imp                 Summ           0%         N/A       75%         2
 Ensorcelled Hibernation  Hex/Ice        0%         N/A       75%         2
 Passwall                 Tmut/Erth      0%         N/A       75%         2
 Hailstorm                Conj/Ice       0%         3d3       92%         3
 Mephitic Cloud           Conj/Pois/Air  0%         N/A       92%         3
 Spider Form              Tmut/Pois      0%         N/A       92%         3
 Stone Arrow              Conj/Erth      0%         3d7       92%         3
 Anguish                  Hex/Necr       0%         N/A       100%        4
 Ice Form                 Ice/Tmut       0%         N/A       100%        4
 Freezing Cloud           Conj/Ice/Air   0%         6-21      100%        5
 Dispersal                Tloc           0%         N/A       100%        6
 Chain Lightning          Conj/Air       0%         N/A       100%        9
 Simulacrum               Ice/Necr       Unusable   N/A       N/A         6

Dungeon Overview and Level Annotations

Branches:
Dungeon (9/15)             Temple (1/1) D:6
   Lair: D:8-11         Orc: D:9-12

Altars:
Ashenzari
Dithmenos
Elyvilon
Gozag
Kikubaaqudgha
Makhleb
Okawaru
Ru
Sif Muna
Trog
Uskayaw
Wu Jian
Xom
Yredelemnul
Zin
The Shining One

Annotations:
D:3 1 runed translucent door, Crazy Yiuf
D:6 1 runed translucent door
D:7 2 transporters, exclusion: oklob plant, ebeggin's ghost, novice HOFi
D:8 3 runed translucent doors, patfeehan111222's ghost, novice DsBe


Innate Abilities, Weirdness & Mutations

You have a pair of horns on your head.
You reflexively headbutt those who attack you in melee.


Message History

r - Retreat! s - Stop attacking. g - Guard the area. f - Follow me.
Anything else - Cancel.
You shout for attention!
What are your orders? t - Shout!
Orders for allies: a - Attack new target. p - Attack previous target. r - Retreat! s - Stop attacking. g - Guard the area. f - Follow me.
Anything else - Cancel.
You shout for attention!
What are your orders? t - Shout!
Orders for allies: a - Attack new target. p - Attack previous target. r - Retreat! s - Stop attacking. g - Guard the area. f - Follow me.
Anything else - Cancel.
You shout for attention!
Okay, then.
As you read the scroll of identify {@r1}, it crumbles to dust.
v - a potion of mutation
There is a stone staircase leading down here.
You climb downwards.
There is a stone staircase leading up here.
A vampire is nearby!
You shoot an arrow. The arrow hits the vampire.
The vampire is lightly damaged.
The vampire casts a spell.
The vampire flickers and vanishes for a moment.
You shoot an arrow. The arrow hits the vampire.
The vampire is moderately damaged.
An unseen horror simulacrum comes into view.
You shoot an arrow. The arrow hits the vampire!
The vampire is severely damaged.
You shoot an arrow. The arrow closely misses the vampire.
The unseen horror simulacrum hits you but does no damage.
The vampire casts a spell at you. You resist with some effort.
The unseen horror simulacrum hits you but does no damage.
You shoot an arrow.
The arrow hits the unseen horror simulacrum!
The unseen horror simulacrum is severely damaged.
The unseen horror simulacrum closely misses you.
The unseen horror simulacrum misses you.
The vampire gestures at you while chanting.
You are confused.
The unseen horror simulacrum hits you.
The unseen horror simulacrum freezes you!!
You feel a terrible chill!
You can't go down here!
Non-targeted confused fire: a) +2 shortbow (drain)
Press: ? - help, Q - select action, (/) - cycle Dir - look around, f - activate You shoot an arrow.
The unseen horror simulacrum hits you but does no damage.
The unseen horror simulacrum barely misses you.
The unseen horror simulacrum hits you.
The unseen horror simulacrum freezes you!
You feel a terrible chill! The vampire misses you.
The vampire barely misses you.
The unseen horror simulacrum barely misses you.
Non-targeted confused fire: a) +2 shortbow (drain)
Press: ? - help, Q - select action, (/) - cycle Dir - look around, f - activate You shoot an arrow.
The unseen horror simulacrum hits you but does no damage.
The unseen horror simulacrum hits you.
The unseen horror simulacrum freezes you!
You feel a terrible chill!
* * * LOW HITPOINT WARNING * * *
The unseen horror simulacrum hits you but does no damage.
The vampire draws life force from you!
* * * LOW HITPOINT WARNING * * *
The vampire is healed by the life force!
Unknown command.
You feel much better.
The unseen horror simulacrum hits you but does no damage. x2
The vampire hits you!
* * * LOW HITPOINT WARNING * * *
The vampire bites you.
* * * LOW HITPOINT WARNING * * *
The vampire draws strength from your injuries!
The unseen horror simulacrum hits you but does no damage.
You feel yourself speed up.
The unseen horror simulacrum hits you but does no damage.
The unseen horror simulacrum misses you.
The vampire gestures at you while chanting.
You are more confused.
The unseen horror simulacrum closely misses you.
The unseen horror simulacrum hits you.
* * * LOW HITPOINT WARNING * * *
The unseen horror simulacrum freezes you!
You feel a terrible chill!
* * * LOW HITPOINT WARNING * * *
You're too confused to move!
The unseen horror simulacrum closely misses you.
The unseen horror simulacrum barely misses you.
You're too confused to move!
The unseen horror simulacrum hits you but does no damage.
The unseen horror simulacrum hits you.
You die...
Your body crumbles into a pile of gold.

$ ##............
..#.............
..#............#
................
#.............
#.............
#...<........
######.ZV.......
.......@........
................
................
.#..............
................
................
$
................
.....#.........


You could see a vampire (invisible) and an unseen horror simulacrum.

Vanquished Creatures
  A steam dragon (D:8)
  An acid dragon (D:8)
  2 sky beasts (D:7)
  2 black bears (D:7)
  An ice beast (D:6)
  A centaur (D:7)
  2 phantoms
  4 bullfrogs
  9 scorpions
  4 wights (D:6)
  A howler monkey (D:8)
  2 orc priests (D:4)
  A gnoll bouda (D:8)
  4 hounds
  2 sleepcaps
  Ijyb (D:3)
  2 iguanas
  10 orc wizards
  Natasha (thrice) (D:2)
  Robin (D:3)
  9 gnolls
  4 adders
  A shadow imp (D:5)
  2 white imps
  An ufetubus (D:4)
  A worm (D:2)
  A dart slug (D:5)
  17 orcs
  7 bats
  6 endoplasms
  2 giant cockroaches
  20 goblins
  7 hobgoblins
  3 quokkas
  7 ball pythons
  3 frilled lizards
  A jackal zombie (D:6)
  3 kobolds
  A kobold zombie (D:6)
  6 rats
156 creatures vanquished.

Vanquished Creatures (others)
  5 plants (D:4)
5 creatures vanquished.

Grand Total: 161 creatures vanquished

Notes
Turn   | Place    | Note
-------+----------+-------------------------------------------
     0 | D:1      | Darkkill the Minotaur Hunter began the quest for the Orb.
     0 | D:1      | Reached XP level 1. HP: 18/18 MP: 0/0
   205 | D:1      | Reached skill level 1 in Stealth
   500 | D:2      | Reached XP level 2. HP: 25/25 MP: 1/1
   686 | D:2      | Identified the +0 ring mail of the Elven Halls {rC- rN+
                  | rCorr Int+3}
   752 | D:2      | Identified the +2 hat of Udiptokk {SInv}
   923 | D:2      | Noticed Natasha
   931 | D:2      | Killed Natasha
   932 | D:2      | Reached XP level 3. HP: 21/31 MP: 2/2
   999 | D:2      | Noticed Natasha
  1003 | D:2      | Killed Natasha
  1004 | D:2      | Reached XP level 4. HP: 38/38 MP: 3/3
  1048 | D:2      | Noticed Natasha
  1052 | D:2      | Killed Natasha
  1053 | D:2      | Reached skill level 5 in Ranged Weapons
  1090 | D:3      | Found a shimmering altar of Xom.
  1090 | D:3      | Found a shimmering altar of Xom.
  1092 | D:3      | Found a shimmering altar of Xom.
  1092 | D:3      | Found a shimmering altar of Xom.
  1093 | D:3      | Found a shimmering altar of Xom.
  1094 | D:3      | Found a shimmering altar of Xom.
  1272 | D:3      | Found a burning altar of Makhleb.
  1339 | D:3      | Noticed Robin
  1348 | D:3      | Killed Robin
  1349 | D:3      | Reached XP level 5. HP: 37/46 MP: 4/4
  1401 | D:3      | Identified the +1 spear of Racaem {venom, rF- rN+ Will+
                  | Str+3}
  1519 | D:3      | Found a hide-covered altar of Uskayaw.
  1557 | D:3      | Found a shimmering blue altar of Sif Muna.
  1686 | D:3      | Noticed Ijyb
  1707 | D:3      | Killed Ijyb
  1859 | D:3      | Found a runed translucent door.
  1860 | D:3      | Noticed Crazy Yiuf
  2204 | D:4      | Reached XP level 6. HP: 49/53 MP: 5/5
  2271 | D:4      | Found a sacrificial altar of Ru.
  2569 | D:4      | Reached skill level 5 in Fighting
  2569 | D:4      | Reached XP level 7. HP: 26/61 MP: 6/6
  3033 | D:5      | Entered Level 5 of the Dungeon
  3067 | D:5      | Reached skill level 5 in Dodging
  3307 | D:5      | Reached XP level 8. HP: 58/70 MP: 7/7
  3585 | D:5      | Got the Notes on the Gaseous Wayfarer
  3734 | D:6      | Found a staircase to the Ecumenical Temple.
  3766 | Temple   | Entered the Ecumenical Temple
  3805 | Temple   | Became a worshipper of Gozag Ym Sagoz the Greedy
  3855 | D:6      | Found an iron altar of Okawaru.
  3855 | D:6      | Found a bloodstained altar of Trog.
  3922 | D:6      | Found a shadowy altar of Dithmenos.
  3924 | D:6      | Found a white marble altar of Elyvilon.
  4191 | D:6      | HP: 13/68 [wight/+0 scimitar (8)]
  4191 | D:6      | HP: 3/67 [wight/+0 halberd (9)]
  4201 | D:6      | HP: 7/66 [wight/+0 halberd (11)]
  4429 | D:6      | Reached skill level 5 in Stealth
  4502 | D:6      | Found a runed translucent door.
  4504 | D:6      | Found a basalt altar of Yredelemnul.
  4847 | D:7      | Found a transporter.
  4851 | D:7      | Found a transporter.
  4955 | D:7      | Noticed an oklob plant
  4970 | D:7      | Noticed ebeggin's ghost (novice HOFi)
  4979 | D:7      | Noticed a deep elf pyromancer
  4981 | D:7      | Reached XP level 9. HP: 79/79 MP: 8/8
  5655 | D:8      | Found a runed translucent gate.
  5655 | D:8      | Found a runed translucent gate.
  5655 | D:8      | Found a runed translucent gate.
  5663 | D:8      | Identified the +4 chain mail "Vateic" {rN++}
  5664 | D:8      | Noticed patfeehan111222's ghost (novice DsBe)
  6065 | D:8      | Identified the +2 buckler of the Wasteland {Harm Dex+3
                  | Slay+3}
  6127 | D:9      | HP: 15/81 [unseen horror simulacrum (13)]
  6131 | D:9      | HP: 2/81 [unseen horror simulacrum (15)]
  6133 | D:9      | Slain by an unseen horror simulacrum

Illustrated notes

Levels and vault maps discovered:
D:1:      ebering_trefoil_3fold, layout_rooms
D:2:      layout_basic, uniq_natasha
D:3:      kennysheep_the_goblin_king, layout_loops_cross, xom_redecorated,
          mainiacjoe_overflow_paths, lemuel_tele_altar,
          mainiacjoe_overflow_surrounded_room, uniq_robin,
          uniq_crazy_yiuf_cottage
D:4:      layout_basic, nicolae_ru_great_annihilating_truth, kennysheep_boxes
D:5:      layout_cave_pools, minivault_4
D:6:      layout_gridville, dk_yredelemnul_ordeal, minitemple,
          grunt_temple_overflow_bloody_war, minmay_temple_entry_arrows
D:7:      layout_rooms, nzn_ghost_randoct, corexii_hall_statues_x
D:8:      layout_cave_pools, biasface_ghost_orc_armoury
D:9:      minmay_curly_fans, layout_cross, nicolae_qazlal_style_of_elements
Temple:   nicolae_temple_two_arcs

Skill      XL: |  1  2  3  4  5  6  7  8  9 |
---------------+----------------------------+-----
Stealth        | 1 2 3 4 5 6 |  6.0
Fighting       | 3 4 5 6 7 8 |  8.2
Dodging        | 3 4 5 6 7 |  7.5
Ranged Weapons | 5 6 7 8 |  8.4

Action                     |  1- 3 |  4- 6 |  7- 9 || total
---------------------------+-------+-------+-------++-------
   Fire: Shortbow          |    68 |   185 |   295 ||   548
    Use: Scroll            |     5 |     3 |    11 ||    19
         Potion            |       |       |     6 ||     6
 Armour: Leather armour    |     9 |       |       ||     9
         Ring mail         |       |    55 |    52 ||   107
  Dodge: Dodged            |     9 |    79 |   103 ||   191

Table legend: (Time is in decaauts)
 A = Elapsed time spent in this place.
 B = Non-inter-level travel time spent in this place.
 C = Inter-level travel time spent in this place.
 D = Time resting spent in this place.
 E = Time spent auto-exploring this place.
 F = Levels seen in this place.
 G = Mean time per level.
                   A        B        C        D        E       F      G
               +--------+--------+--------+--------+--------+-----+--------+
         Total |   6284 |   6025 |    259 |    200 |   4668 |  10 |  628.4 |
       Dungeon |   6224 |   5965 |    259 |    200 |   4643 |   9 |  691.6 |
        Temple |     59 |     59 |      0 |      0 |     25 |   1 |   59.0 |
               +--------+--------+--------+--------+--------+-----+--------+

Top non-repeatable levels by time:
     D:3: 1109 daAuts
     D:6: 1023 daAuts
     D:4: 911 daAuts
     D:5: 707 daAuts
     D:7: 701 daAuts
     D:8: 655 daAuts
     D:2: 604 daAuts
     D:1: 499 daAuts
  Temple: 59 daAuts
     D:9: 13 daAuts

Table legend:
 A = Kills in this place as a percentage of kills in the entire game.
 B = Kills by you in this place as a percentage of kills by you in the entire game.
 C = Kills by friends in this place as a percentage of kills by friends in the entire game.
 D = Other kills in this place as a percentage of other kills in the entire game.
 E = Experience gained in this place as a percentage of experience gained in the entire game.
 F = Experience gained in this place divided by the number of levels of this place that you have seen.
                   A       B       C       D       E      F
               +-------+-------+-------+-------+-------+----------------------
         Total | 100.0 | 100.0 |   N/A |   N/A | 100.0 | 414.6
       Dungeon | 100.0 | 100.0 |   N/A |   N/A | 100.0 | 460.7
               +-------+-------+-------+-------+-------+----------------------
